 Dungeon Crawl Stone Soup version 0.19.0 (webtiles) character file.

144 jimeh the Ducker (level 5, -9/24 HPs)
             Began as a Felid Monk on Nov 14, 2016.
             Killed by divine providence
             ... invoked by an orc priest
              (12 damage)
             ... on level 3 of the Dungeon.
             The game lasted 00:03:38 (2536 turns).

jimeh the Ducker (Felid Monk)                       Turns: 2536, Time: 00:03:39

Health: -9/24      AC:  1    Str:  7    XL:     5   Next: 5%
Magic:  6/6        EV: 23    Int: 12    God:
Gold:   93         SH:  0    Dex: 19    Spells: 0 memorised, 4 levels left
                                        Lives:  0   Deaths: 1

rFire  . . .     SeeInvis +       - Unarmed
rCold  . . .     Gourm    .     (armour unavailable)
rNeg   . . .     Faith    .     (shield unavailable)
rPois  .         Spirit   .     (helmet unavailable)
rElec  .         Reflect  .     (cloak unavailable)
rCorr  .         Harm     .     (gloves unavailable)
MR     .....                    (boots unavailable)
Stlth  ++++......               (no amulet)
                                o - ring of wizardry
                                b - ring of see invisible

@: quick
A: no armour, no weapons or thrown items, stealth, claws 1, fangs 3, see
invisible, carnivore 3, speed 1, shaggy fur 1, slow metabolism 1, sharp paws
a: no special abilities


You were on level 3 of the Dungeon.
You were full.

You visited 1 branch of the dungeon, and saw 3 of its levels.

You collected 93 gold pieces.

Inventory:

Jewellery
 b - a ring of see invisible (left paw)
 o - a ring of wizardry (right paw)
Wands
 m - a wand of iceblast (4/15)
 n - a wand of acid (8/15)
Scrolls
 e - 2 scrolls of enchant armour {unknown}
 f - a scroll of magic mapping {unknown}
 h - 2 scrolls of recharging {unknown}
 l - a scroll of amnesia {unknown}
 p - a scroll of identify {unknown}
Potions
 c - 2 potions of flight {unknown}
 d - a potion of heal wounds {unknown}
 i - 2 potions of curing {unknown}
 j - 2 potions of cancellation {unknown}
 k - a potion of beneficial mutation {unknown}
Comestibles
 a - 2 meat rations
 g - a slice of pizza


   Skills:
 - Level 3.2 Fighting
 + Level 6.4 Dodging
 + Level 5.6 Stealth
 - Level 3.0 Unarmed Combat


You had 4 spell levels left.
You didn't know any spells.

Dungeon Overview and Level Annotations

Branches:
Dungeon (3/15)

Altars:
Zin


Innate Abilities, Weirdness & Mutations

You cannot wear armour.
You are incapable of wielding weapons or throwing items.
Your paws allow you to move quietly. (Stealth)
You have sharp claws.
You have razor-sharp teeth.
You have supernaturally acute eyesight. (SInv)
You are carnivorous and can eat meat at any time.
You cover ground quickly.
You are covered in fur. (AC +1)
You have a slow metabolism.
Your sharp claws are effective at attacking unaware monsters.


Message History

The orc priest is almost dead.
The orc completely misses you. The orc closely misses you.
The orc priest mumbles some strange prayers to Beogh against you.
Beogh smites you!
Ouch! That really hurt!
* * * LOW HITPOINT WARNING * * *
You scratch the orc priest.
You kill the orc priest!
You have reached level 5!
You feel clever. The orc priest barely misses you. The orc barely misses you.
The orc misses you.
You barely miss the orc priest. The orc priest completely misses you.
The orc completely misses you. The orc barely misses you.
The orc throws a tomahawk.
The tomahawk completely misses you.
The orc throws a tomahawk.
The tomahawk misses you.
The orc priest mumbles some strange prayers to Beogh against you.
Beogh smites you!
Ouch! That really hurt!
You die...

.......####.....#.....#########..
.......#.........[........... ...
.......#.................# #..
......##.....##..........#### #..
..)<##....#####.............###..
.####....>.......................
....#.......#.........#........##
....#.......#...(................
....#.....†.#...@...o....#.......
....#......##......o.............
....#......###.(...o..)........##
....######## ##(♣♣._.♣..#........
##### ###.♣♣♣♣###...##... ##
#.....##... #.###...###
#.......... #..........


You could see an orc priest and 2 orcs.

Vanquished Creatures
  An orc priest (D:3)
  Jessica (D:3)
  Ijyb (D:3)
  3 adders
  2 worms
  3 dart slugs
  2 leopard geckos
  An orc (D:3)
  8 giant cockroaches
  7 goblins
  4 hobgoblins
  7 jackals
  2 ball pythons (D:3)
  6 bats
  6 frilled lizards
  7 kobolds
  5 rats
66 creatures vanquished.

Notes
Turn   | Place    | Note
-------+----------+-------------------------------------------
     0 | D:1      | jimeh the Felid Monk began the quest for the Orb.
     0 | D:1      | Reached XP level 1. HP: 10/10 MP: 2/2
   359 | D:1      | Reached XP level 2. HP: 2/14 MP: 3/3
  1015 | D:1      | Reached XP level 3. HP: 16/17 MP: 4/4
  1075 | D:2      | Reached skill level 5 in Dodging
  1578 | D:2      | Reached XP level 4. HP: 12/21 MP: 5/5
  1613 | D:2      | Slain by a worm
  1614 | D:2      | Reached XP level 3. HP: 0/17 MP: 4/4
  2219 | D:3      | Noticed Ijyb
  2233 | D:3      | Killed Ijyb
  2233 | D:3      | Reached skill level 6 in Dodging
  2233 | D:3      | Reached XP level 4. HP: 17/21 MP: 5/5
  2247 | D:3      | Found a glowing silver altar of Zin.
  2311 | D:3      | Reached skill level 5 in Stealth
  2318 | D:3      | Noticed Jessica
  2321 | D:3      | Killed Jessica
  2530 | D:3      | Reached XP level 5. HP: 2/24 MP: 6/6
  2536 | D:3      | Killed from afar by an orc priest

Skill      XL: |  1  2  3  4 |
---------------+-------------+-----
Stealth        | 3 4 5 |  5.6
Dodging        | 6 |  6.4
Fighting       | |  3.2
Unarmed Combat | |  3.0

Action                   |  1- 3 |  4- 6 || total
-------------------------+-------+-------++-------
Melee: Unarmed           |   176 |    40 ||   216
       Bite              |    17 |     5 ||    22
       Punch             |     3 |       ||     3
 Stab: Sleeping          |    10 |     1 ||    11
  Eat: Chunk             |     9 |     4 ||    13
Armor: Skin              |     2 |     4 ||     6
Dodge: Dodged            |   116 |    72 ||   188
